 Dungeon Crawl Stone Soup version 0.19-a0-751-gbe1ce7d (webtiles) character file.

1073 Ordine the Insei (level 8, -4/57 HPs)
             Began as an Octopode Monk on June 25, 2016.
             Was a Believer of Cheibriados.
             Splashed by a jelly's acid (9 damage)
             ... on level 6 of the Dungeon.
             The game lasted 00:17:03 (6156 turns).

Ordine the Insei (Octopode Monk)                    Turns: 6156, Time: 00:17:04

Health: -4/57      AC: -3    Str: 14    XL:     8   Next: 28%
Magic:  17/17      EV: 14    Int: 19    God:    Cheibriados [**....]
Gold:   250        SH:  0    Dex: 18    Spells: 0 memorised, 7 levels left

rFire  . . .     SeeInvis .       - Unarmed
rCold  + . .     Gourm    .     (no shield)
rNeg   . . .     Faith    .     (helmet restricted)
rPois  .         Spirit   .     g - amulet of magic regeneration
rElec  .         Dismiss  .     b - ring of protection from cold
rCorr  .         Reflect  .     r - ring of magical power
SustAt .         Harm     .     (no ring)
MR     .....                    (no ring)
Stlth  +++++.....               (no ring)
                                (no ring)
                                (no ring)
                                (no ring)

@: corroded, very slow, not resistant to hostile enchantments, quite stealthy
A: almost no armour, amphibious, 8 rings, constrict 8, camouflage 1, gelatinous
body 1
a: Bend Time, Renounce Religion


You were on level 6 of the Dungeon.
You worshipped Cheibriados.
Cheibriados was pleased with you.
You were not hungry.

You visited 2 branches of the dungeon, and saw 7 of its levels.

You collected 250 gold pieces.

Inventory:

Armour
 l - a +0 buckler
Jewellery
 b - a ring of protection from cold (left tentacle)
 g - an amulet of magic regeneration (around mantle)
 r - a ring of magical power (right tentacle)
Wands
 m - a wand of iceblast (9/15)
 q - a wand of flame (12/48)
Scrolls
 j - 2 scrolls of remove curse
 s - 2 scrolls of teleportation
 u - a scroll of amnesia
Potions
 e - a potion of experience {unknown}
 h - 3 potions of curing
 k - a potion of magic {unknown}
 n - a potion of ambrosia {unknown}
 o - 2 potions of haste {unknown}
 p - a potion of brilliance {unknown}
Comestibles
 a - 3 bread rations
 c - 2 chunks of flesh
 f - 2 slices of pizza
 i - 2 royal jellies
 v - a beef jerky


   Skills:
 + Level 5.7 Fighting
 - Level 3.0 Dodging
 - Level 6.1 Stealth
 * Level 3.1 Shields
 + Level 6.9 Unarmed Combat


You had 7 spell levels left.
You didn't know any spells.

Dungeon Overview and Level Annotations

Branches:
Dungeon (6/15)             Temple (1/1) D:6

Altars:
Ashenzari
Cheibriados
Dithmenos
Elyvilon
Fedhas
Gozag
Makhleb
Nemelex Xobeh
Pakellas
Qazlal
Ru
Sif Muna
Uskayaw
Vehumet
Xom
Yredelemnul
Zin
The Shining One

Shops:
D:4 (   D:6 ?


Innate Abilities, Weirdness & Mutations

You cannot wear most types of armour.
You are amphibious.
You can wear up to eight rings at the same time.
You can use your tentacles to constrict eight enemies at once.
Your skin changes colour to match your surroundings (Stealth+).
Your rubbery body absorbs attacks. (AC +1)


Message History

* * * LOW HITPOINT WARNING * * *
You tentacle-slap the jelly.
Your tentacles burn!
* * * LOW HITPOINT WARNING * * *
The jelly is almost dead.
The jelly hits you.
* * * LOW HITPOINT WARNING * * *
You are splashed with acid!
The acid burns!
* * * LOW HITPOINT WARNING * * *
Eat which item? (? for menu, Esc to quit)
Okay, then.
You feel better. The jelly completely misses you.
You tentacle-slap the jelly.
Your tentacles burn!
* * * LOW HITPOINT WARNING * * *
You tentacle-slap the jelly.
You squeeze the jelly, but do no damage.
The jelly is almost dead.
The jelly hits you.
* * * LOW HITPOINT WARNING * * *
You are splashed with acid!
The acid burns!
You die...

#...†#.# ...... ###.
#..####..... ###
....###........... .#...
###....#####.....
.....###...#..# ##......
............###.......
####.#..................
........................
.......@........##......
......".J.......###...##
...#.#.........## ######
. .. ##...#...## ##
#########


You could see a jelly.

Vanquished Creatures
  Menkaure (D:5)
  Edmund (D:5)
  A sky beast (D:6)
  A giant frog (D:5)
  A scorpion (D:6)
  3 howler monkeys
  2 hounds
  7 orc wizards
  2 orc priests
  2 worker ants
  A hound skeleton (D:3)
  3 adders
  2 shadow imps
  3 worms
  3 dart slugs
  3 giant geckos
  10 orcs
  2 giant cockroaches
  6 goblins
  9 hobgoblins
  6 jackals
  6 quokkas
  3 ball pythons
  8 bats
  6 giant newts
  3 kobolds
  42 rats
137 creatures vanquished.

Vanquished Creatures (others)
  9 fungi (D:6)
9 creatures vanquished.

Grand Total: 146 creatures vanquished

Notes
Turn   | Place    | Note
--------------------------------------------------------------
     0 | D:1      | Ordine the Octopode Monk began the quest for the Orb.
     0 | D:1      | Reached XP level 1. HP: 16/16 MP: 1/1
   213 | D:1      | Reached XP level 2. HP: 21/21 MP: 2/2
   654 | D:2      | Reached XP level 3. HP: 26/26 MP: 3/3
  1201 | D:2      | Reached XP level 4. HP: 25/31 MP: 4/4
  2187 | D:3      | Reached XP level 5. HP: 30/37 MP: 5/5
  2245 | D:3      | Found a stormy altar of Qazlal.
  2836 | D:3      | Reached skill level 5 in Unarmed Combat
  2842 | D:3      | Reached XP level 6. HP: 19/43 MP: 6/6
  3428 | D:4      | Found Xiann's Antique Weapon Emporium.
  3690 | D:4      | Found a radiant altar of Vehumet.
  4014 | D:5      | Entered Level 5 of the Dungeon
  4014 | D:5      | Noticed Edmund
  4110 | D:5      | Reached skill level 5 in Stealth
  4221 | D:5      | Found a hide-covered altar of Uskayaw.
  4280 | D:5      | Reached XP level 7. HP: 24/49 MP: 7/7
  4562 | D:5      | Noticed Menkaure
  4580 | D:5      | Killed Menkaure
  4580 | D:5      | Reached skill level 5 in Fighting
  4749 | D:5      | Killed Edmund
  5071 | D:5      | Reached skill level 1 in Shields
  5510 | D:6      | Found a staircase to the Ecumenical Temple.
  5519 | Temple   | Entered the Ecumenical Temple
  5540 | Temple   | Became a worshipper of Cheibriados the Contemplative
  5540 | Temple   | Reached * piety under Cheibriados
  5540 | Temple   | Reached ** piety under Cheibriados
  5654 | D:6      | Reached XP level 8. HP: 44/56 MP: 8/8
  5802 | D:6      | Found Qerisim's Magic Scroll Shop.
  6154 | D:6      | HP: 2/57 [acid (6)]
  6156 | D:6      | Splashed by a jelly's acid

Vault maps used:
D:1:      scummos_arrival_hexagon
D:3:      nicolae_qazlal_general_emergency, grunt_decor_one_mirror,
          minmay_rats_cheesy_pizza
D:4:      serial_shops, nicolae_shop_statue_plus, lemuel_statue_altar
D:5:      eat_drink_and_be_merry_uskayaw, first_bread, kennysheep_windowed_goal,
          uniq_menkaure, uniq_edmund
D:6:      old_forge, serial_shops, nicolae_shop_waterfront
Temple:   regret_index_temple_waves

Skill      XL: |  1  2  3  4  5  6  7  8 |
---------------+-------------------------+-----
Stealth        | 3 4 5 6 |  6.1
Unarmed Combat | 4 5 6 |  6.9
Fighting       | 4 5 |  5.7
Shields        | 1 3 |  3.1
Dodging        | |  3.0

Action                   |  1- 3 |  4- 6 |  7- 9 || total
-------------------------+-------+-------+-------++-------
Melee: Unarmed           |    68 |   187 |    74 ||   329
       Constrict         |    18 |    48 |    11 ||    77
       Tentacles         |    12 |    28 |    13 ||    53
       Punch             |     2 |     2 |     8 ||    12
  Use: Scroll            |     9 |     3 |     4 ||    16
       Potion            |       |     5 |     8 ||    13
 Stab: Sleeping          |    11 |    20 |       ||    31
       Invisible         |       |       |     3 ||     3
  Eat: Chunk             |     1 |     9 |     5 ||    15
Armor: Skin              |     7 |     9 |     3 ||    19
Dodge: Dodged            |    43 |    90 |    26 ||   159
